Map: Catalyst LE

Players

Dark - Winner!

  • Race: Zerg Zerg
  • Spawn Location: 11:00

Trap

  • Race: Protoss Protoss
  • Spawn Location: 5:00

Event: IEM Season 12 - Katowice

VOD

Have the link to the VOD?

Description

Time

  • Played on: March 3, 2018, 6:02 a.m.
  • Length: 13:37

All games in this series

Show
View Real Time Build Order
Export as new Build Order

Dark Zerg - Winner!

Build Orders: Pool First 

Get SALT Encoding   

  12  0:00  Drone  
  13  0:12  Overlord  
  13  0:17  Drone  
  14  0:30  Drone  
  14  0:31  Drone  
  16  0:37  Drone  
  17  0:47  Drone  
  17  0:48  Extractor  
  17  0:50  Spawning Pool  
  17  0:55  Drone  
  17  1:09  Drone  
  18  1:20  Drone  
  19  1:30  Hatchery  
  19  1:32  Drone  
  19  1:38  Zergling x2  
  20  1:40  Queen  
  22  1:51  Metabolic Boost  
  22  1:54  Overlord  
  22  2:12  Drone x2  
  24  2:16  Queen  
  26  2:23  Drone  
  27  2:38  Hatchery  
  27  2:39  Drone  
  27  2:45  Drone  
  27  2:48  Drone  
  29  2:54  Drone x4  
  33  3:03  Overlord  
  33  3:04  Drone  
  34  3:11  Drone  
  35  3:15  Drone  
  36  3:20  Overlord  
  36  3:26  Spore Crawler  
  35  3:28  Spore Crawler  
  35  3:31  Queen  
  36  3:38  Drone x4  
  36  3:39  Drone  
  41  3:43  Drone  
  42  3:49  Queen  
  42  3:53  Drone  
  42  3:54  Zergling x4  
  47  3:58  Lair  
  47  4:02  Zergling x4  
  49  4:03  Drone  
  49  4:05  Overlord  
  50  4:14  Overlord  
  50  4:18  Extractor  
  50  4:19  Overlord  
  48  4:24  Drone x3  
  48  4:25  Drone  
  48  4:26  Drone x2  
  54  4:31  Drone x2  
  54  4:32  Drone  
  54  4:33  Drone, Extractor  
  54  4:39  Drone x5  
  54  4:44  Drone x2  
  60  4:50  Extractor  
  59  4:53  Overlord  
  59  4:56  Drone x2  
  59  4:57  Hydralisk Den  
  60  5:02  Zergling x10  
  60  5:03  Zergling x2  
  66  5:14  Zergling x8  
  66  5:16  Overlord  
  69  5:29  Drone  
  69  5:30  Drone x2  
  69  5:31  Grooved Spines  
  69  5:35  Hydralisk  
  71  5:46  Hydralisk x2  
  71  5:49  Zergling x4  
  71  5:50  Hydralisk x2  
  71  5:53  Drone  
  71  5:55  Drone x6  
  82  6:01  Drone x2, Overlord  
  84  6:09  Drone x2, Evolution Chamber  
  85  6:18  Overlord x2  
  85  6:21  Hydralisk x4  
  93  6:27  Drone x3  
  93  6:31  Drone  
  97  6:33  Extractor  
  97  6:35  Overlord, Extractor, Baneling Nest  
  97  6:36  Drone x2  
  97  6:37  Zerg Melee Weapons Level 1  
  96  6:40  Drone  
  96  6:43  Drone x2, Muscular Augments  
  96  6:44  Drone  
  100  6:50  Hydralisk  
  103  6:54  Drone x3  
  105  7:03  Hydralisk x3  
  105  7:05  Overlord  
  111  7:14  Hydralisk x2  
  111  7:15  Hatchery  
  114  7:18  Hydralisk x2  
  117  7:25  Hydralisk x2  
  117  7:26  Hydralisk  
  120  7:30  Hydralisk x2  
  120  7:31  Centrifical Hooks  
  120  7:35  Overlord x2, Overseer  
  124  7:41  Hydralisk x2  
  127  7:57  Overlord  
  127  7:58  Hydralisk x2  
  127  7:59  Zergling x2  
  127  8:00  Zergling x18  
  141  8:05  Zergling x2  
  141  8:06  Zergling x2  
  141  8:07  Zergling x4  
  141  8:10  Overlord x2  
  145  8:14  Overlord  
  145  8:17  Zergling x6  
  148  8:27  Zergling x6  
  148  8:28  Zergling x2  
  151  8:34  Baneling x4  
  151  8:35  Baneling x3  
  151  8:36  Baneling x8  
  151  8:39  Zergling x16  
  159  8:46  Spore Crawler, Drone x2  
  159  8:48  Zergling x8  
  164  8:50  Baneling x4  
  164  8:51  Baneling x2  
  164  8:52  Zergling x4  
  166  8:58  Baneling x5  
  166  8:59  Baneling x2  
  166  9:08  Zergling x2  
  166  9:09  Zergling x2  
  168  9:10  Zergling x6  
  168  9:18  Drone x3  
  160  9:24  Drone  
  160  9:25  Drone x5  
  160  9:31  Drone x4, Zerg Melee Weapons Level 2  
  160  9:32  Infestation Pit  
  160  9:33  Drone  
  160  9:35  Hatchery  
  162  9:40  Pneumatized Carapace  
  162  9:41  Hydralisk x2  
  162  9:44  Drone, Extractor  
  166  9:50  Zergling x10  
  166  9:52  Baneling x2  
  171  9:54  Hatchery  
  171  9:56  Drone  
  171  9:58  Spire  
  170  10:01  Extractor  
  170  10:02  Spine Crawler  
  164  10:15  Hive  
  163  10:24  Evolution Chamber  
  163  10:25  Baneling x5  
  163  10:26  Drone x6, Overlord x2  
  163  10:27  Zergling x8  
  163  10:28  Zergling x8  
  176  10:31  Baneling x8  
  176  10:32  Baneling  
  176  10:48  Zergling x26  
  176  10:49  Drone  
  190  10:50  Drone  
  190  10:56  Baneling x4  
  190  10:57  Baneling x8  
  188  11:07  Zergling x4  
  190  11:13  Zergling x10  
  190  11:14  Zergling x2  
  195  11:22  Zerg Ground Armor Level 1  
  194  11:32  Drone x3, Extractor  
  194  11:33  Extractor  
  194  11:34  Hatchery  
  194  11:37  Adrenal Glands, Greater Spire  
  194  11:39  Overlord x2  
  191  11:50  Zergling x10  
  196  12:01  Zergling x6  
  196  12:02  Zergling x2  
  196  12:03  Baneling x2  
  196  12:04  Baneling x12  
  200  12:13  Baneling x6  
  194  12:29  Zergling x28  
  191  12:30  Zergling x14  
  191  12:33  Zergling x10  
  191  12:34  Zergling x6  
  193  12:42  Baneling x5  
  190  12:47  Overlord  
  190  12:48  Overseer  
  190  12:51  Overseer x2, Baneling x3  
  185  12:52  Corruptor x7, Overseer  
  185  12:56  Baneling  
  197  12:59  Zergling x6  
  196  13:08  Baneling x13  
  196  13:09  Baneling  
Show
View Real Time Build Order
Export as new Build Order

Trap Protoss 

Build Orders: 1 Gate Expand, Oracle Opening, Phoenix Opening, Chargelot Immortal 

Get SALT Encoding   

  12  0:00  Probe  
  13  0:12  Probe  
  14  0:20  Pylon  
  14  0:24  Probe  
  15  0:38  Probe (Chrono Boost)  
  16  0:44  Gateway  
  16  0:47  Probe (Chrono Boost)  
  17  0:52  Probe (Chrono Boost)  
  17  0:53  Assimilator  
  18  1:04  Probe  
  19  1:16  Probe, Pylon  
  20  1:32  Nexus  
  20  1:37  Cybernetics Core  
  20  1:41  Probe  
  21  1:47  Assimilator  
  21  1:53  Probe  
  22  1:56  Pylon  
  22  2:05  Probe  
  23  2:12  Adept (Chrono Boost)  
  25  2:17  Probe  
  25  2:20  Stargate  
  26  2:29  Warp Gate, Probe  
  27  2:35  Stalker (Chrono Boost)  
  30  2:45  Probe x2 (Chrono Boost)  
  31  2:54  Probe (Chrono Boost)  
  31  2:57  Adept, Probe (Chrono Boost)  
  35  2:59  Probe (Chrono Boost)  
  36  3:06  Probe, Oracle (Chrono Boost)  
  36  3:11  Probe  
  40  3:18  Probe  
  41  3:21  Pylon  
  41  3:24  Gateway  
  41  3:27  Probe  
  41  3:30  Probe  
  43  3:37  Phoenix  
  45  3:42  Probe x2  
  45  3:47  Twilight Council  
  47  3:51  Pylon  
  47  3:54  Probe  
  47  3:55  Probe  
  49  4:00  Gateway  
  49  4:06  Probe  
  49  4:07  Probe  
  51  4:14  Assimilator  
  51  4:15  Resonating Glaives (Chrono Boost)  
  51  4:16  Assimilator  
  51  4:19  Probe x2  
  53  4:26  Pylon  
  53  4:31  Probe x2  
  55  4:32  Adept x2  
  59  4:48  Probe  
  60  4:56  Adept x2  
  60  4:57  Adept, Nexus  
  60  4:59  Pylon  
  66  5:07  Robotics Facility  
  66  5:10  Robotics Facility  
  66  5:19  Probe  
  66  5:20  Shield Battery  
  68  5:23  Adept x2  
  68  5:25  Adept  
  73  5:48  Adept x3  
  75  6:01  Observer (Chrono Boost)  
  75  6:02  Warp Prism (Chrono Boost)  
  76  6:05  Gateway  
  76  6:06  Pylon, Gateway  
  76  6:07  Probe x2 (Chrono Boost)  
  76  6:09  Probe (Chrono Boost), Gateway  
  76  6:10  Pylon  
  81  6:18  Sentry x2  
  81  6:19  Sentry  
  81  6:21  Probe (Chrono Boost)  
  81  6:23  Probe x2 (Chrono Boost)  
  88  6:26  Probe (Chrono Boost)  
  88  6:28  Immortal (Chrono Boost)  
  88  6:29  Probe  
  88  6:30  Probe  
  99  6:42  Probe x3  
  99  6:45  Pylon, Immortal (Chrono Boost)  
  102  6:49  Assimilator  
  102  6:50  Assimilator  
  102  6:54  Probe x3  
  102  6:56  Pylon  
  102  7:00  Templar Archives  
  105  7:02  Charge  
  105  7:06  Probe x3  
  108  7:10  Pylon  
  108  7:12  Immortal  
  112  7:19  Immortal (Chrono Boost), Psionic Storm  
  116  7:22  Adept  
  116  7:28  Probe x3  
  119  7:30  Phoenix  
  119  7:33  Pylon  
  119  7:34  Pylon  
  121  7:39  Forge  
  121  7:43  High Templar x2  
  125  7:54  Immortal (Chrono Boost)  
  125  7:55  Immortal (Chrono Boost)  
  133  7:59  Pylon  
  133  8:00  Pylon  
  133  8:06  Forge  
  133  8:11  High Templar  
  133  8:12  High Templar  
  137  8:14  Photon Cannon  
  137  8:15  Photon Cannon  
  137  8:19  Pylon  
  137  8:20  Protoss Ground Weapons Level 1 (Chrono Boost)  
  136  8:31  Observer  
  137  8:37  Nexus  
  137  8:42  Photon Cannon  
  137  8:44  Photon Cannon  
  137  8:46  Photon Cannon x2  
  137  8:48  Protoss Ground Armor Level 1 (Chrono Boost)  
  137  8:58  High Templar  
  137  8:59  Zealot x4, High Templar  
  149  9:03  Gateway  
  149  9:05  Gateway  
  139  9:29  Immortal x2  
  139  9:31  Fleet Beacon  
  143  9:32  High Templar x2  
  143  9:34  Zealot x4  
  143  9:36  Archon, Shield Battery  
  155  9:40  Shield Battery  
  155  9:41  Pylon  
  155  9:43  Pylon  
  155  9:44  Pylon  
  155  10:03  Zealot x5  
  155  10:04  Zealot x2  
  169  10:11  Nexus  
  169  10:12  Pylon  
  169  10:13  Immortal (Chrono Boost), Warp Prism (Chrono Boost)  
  153  10:18  High Templar x3  
  161  10:23  Archon  
  161  10:33  Photon Cannon  
  161  10:35  Photon Cannon  
  169  10:36  Mothership (Chrono Boost), Photon Cannon  
  169  10:39  Pylon  
  169  10:45  Protoss Ground Armor Level 2 (Chrono Boost)  
  169  10:52  Protoss Ground Weapons Level 2 (Chrono Boost)  
  168  11:05  Photon Cannon  
  168  11:06  Photon Cannon  
  168  11:08  Stargate, Assimilator  
  168  11:11  Zealot x4  
  170  11:14  Assimilator  
  170  11:15  Stalker  
  178  11:22  Stalker x2  
  182  11:29  Stalker  
  182  11:32  Stalker  
  178  11:43  Probe (Chrono Boost)  
  181  11:47  Probe x2 (Chrono Boost)  
  181  11:48  High Templar  
  181  11:53  Probe (Chrono Boost)  
  186  11:58  Probe x2 (Chrono Boost)  
  186  12:06  Probe (Chrono Boost)  
  189  12:09  Probe x2 (Chrono Boost)  
  189  12:14  High Templar x2  
  189  12:15  High Templar x2  
  197  12:16  Zealot  
  197  12:18  Archon x2  
  165  12:31  Zealot x3  
  154  12:37  Zealot  
  150  12:44  Probe x3  
  150  12:45  Probe  
  152  12:52  High Templar  
  152  12:53  High Templar x3  
  152  12:54  Zealot x3  
  152  12:56  Probe  
  165  12:58  Archon x2  
  165  13:03  Probe x3  
  146  13:08  Probe  
  142  13:19  Zealot x4  
  88  13:28  Zealot x4  

Tags
 
Add a new tag
Caveats
  • Supply blocks, unpowered buildings, or Contaminate may cause inaccurate times.
  • Supply counts are checked every 10 seconds.